Cogmind - Beta 14 @@@ ROGUE MODE // 2024.11.10 @ 16:51:08 Player: Shimmyarah Result: Destroyed by S-10 Pest with Light Assault Rifle Performance ------------- Evolutions (0) 0 Regions Visited (1) 200 Robots Destroyed (17) 85 Value Destroyed (127) 127 Prototype IDs (0) 0 Alien Tech Used (0) 0 Bonus (0) 0 TOTAL SCORE: 412 Bonus ------- None Cogmind --------- Core Integrity 0/250 Matter 203/300 Energy 100/100 System Corruption 0% Temperature Cool (0) Movement Treading (160) Location -10/Materials Parts ------- > --- POWER (1) -------- (None) > --- PROPULSION (2) --- Light Treads Light Treads > --- UTILITY (2) ------ Small Storage Unit > --- WEAPON (2) ------- (None) > --- INVENTORY (8) ---- Flight Unit Flight Unit Medium Storage Unit Large Storage Unit Peak State ------------ > --- POWER ------------ Ion Engine > --- PROPULSION ------- Light Treads Light Treads > --- UTILITY ---------- Small Storage Unit Improved Terrain Scanner > --- WEAPON ----------- Assault Rifle Assault Rifle > --- INVENTORY -------- Ion Engine Mining Laser [Rating: 9] Favorites ----------- Power Ion Engine Engine Ion Engine Propulsion Light Treads Treads Light Treads Flight Unit Flight Unit Utility Small Storage Unit Device Improved Terrain Scanner Storage Small Storage Unit Weapon Assault Rifle Ballistic Gun Assault Rifle Special Weapon Mining Laser Build | -11 -10 ------- Run | Yrd Mat Slots Evolved . | . . Power . | . . Propulsion . | . . Utility . | . . Weapon . | . . Parts Attached 15 | 7 8 Power 2 | 1 1 Engine 2 | 1 1 Core . | . . Reactor . | . . Propulsion 6 | 2 4 Treads 4 | 2 2 Leg . | . . Wheel . | . . Hover . | . . Flight 2 | . 2 Utility 2 | 2 . Device 1 | 1 . Storage 1 | 1 . Processor . | . . Hackware . | . . Protection . | . . Artifact . | . . Weapon 5 | 2 3 Energy Gun . | . . Energy Cannon . | . . Ballistic Gun 3 | 2 1 Ballistic Cannon . | . . Launcher . | . . Special Weapon 2 | . 2 Impact Weapon . | . . Slashing Weapon . | . . Piercing Weapon . | . . Special Melee Weapon . | . . Unidentified Prototypes . | . . Parts Lost 8 | . 8 Power 2 | . 2 Propulsion 2 | . 2 Utility 1 | . 1 Weapon 3 | . 3 Highest Loss Streak 7 | . 7 To Critical Strikes . | . . Average Slot Usage (%) 82 | . 82 Engine 11 | . 11 Treads 22 | . 22 Flight 4 | . 4 Device 9 | . 9 Storage 14 | . 14 Ballistic Gun 17 | . 17 Peak Build Rating 9 | 9 9 Average Rating 7 | 8 7 On Entrance 4 | . 9 Naked Turns . | . . Heaviest Build 15 | 15 15 Greatest Support 40 | 40 40 Greatest Overweight (x) 2 | . 2 Average Overweight (x) . | . . Largest Inventory Capacity 8 | 8 8 Average Capacity 7 | 7 8 Most Carried 8 | 4 8 Average Carried 2 | 2 4 Final Capacity 8 | 8 8 Final Carried 4 | 2 4 Class Distribution -------------------- 100% | Mutant Dominant Class ---------------- Mutant | -10/Materials Resources | -11 -10 ----------- Run | Yrd Mat Matter Collected 462 | 462 . Remotely . | . . Salvage Created 377 | 313 64 Parts 34 | 29 5 Haulers Intercepted . | . . Recyclers Shooed 1 | 1 . Parts Field Recycled . | . . Retrieved Matter . | . . Parts Self-Destructed . | . . Prevented . | . . Kills | -11 -10 ------- Run | Yrd Mat Combat Hostiles Destroyed 3 | . 3 Guns 2 | . 2 Cannons 1 | . 1 Classes Destroyed 5 | 3 2 Worker 4 | 4 . Tunneler 9 | 9 . Recycler 1 | 1 . Swarmer 2 | . 2 Grunt 1 | . 1 Best Kill Streak 5 | 5 3 Combat Bots Only 3 | . 3 Max Kills in Single Turn 2 | 2 1 Gunslinging . | . . Exploded . | . . Melee . | . . Uniques/NPCs Destroyed . | . . Combat | -11 -10 -------- Run | Yrd Mat Hostile Shots Fired 138 | . 138 Missed 24 | . 24 Damage Taken 999 | . 999 Core 257 | . 257 Absorbed by Shields . | . . Core Remaining (%) 100 | 100 . Volleys Fired 47 | 32 15 Largest 2 | 2 2 Hottest 100 | 40 100 Shots Fired 88 | 64 24 Gun 83 | 64 19 Cannon . | . . Launcher . | . . Special 5 | . 5 Kinetic 83 | 64 19 Thermal 5 | . 5 Explosive . | . . Electromagnetic . | . . Robot Hit Streak 10 | 10 9 Robot Miss Streak 3 | 3 2 Penetration Max . | . . Secondary Targets 1 | . 1 Max Gunslinging Chain 1 | . 1 Shots Hit Robots 52 | 35 17 Core Hits 18 | 15 3 Critical Kills . | . . Critical Parts Destroyed . | . . Critical Strikes . | . . Melee Attacks . | . . Impact . | . . Slashing . | . . Piercing . | . . Sneak Attacks . | . . Combat Hostiles . | . . Follow-up Attacks . | . . Damage Inflicted 708 | 449 259 Guns 636 | 449 187 Cannons . | . . Explosions . | . . Melee . | . . Ramming . | . . Kinetic 636 | 449 187 Thermal 72 | . 72 Explosive . | . . Electromagnetic . | . . Impact . | . . Slashing . | . . Piercing . | . . Highest Corruption . | . . Average Corruption . | . . Corruption Purged . | . . Corruption Blocked . | . . Overload Shots . | . . Overflow Damage . | . . Projectiles . | . . Explosions . | . . Melee . | . . Knockbacks . | . . Impact . | . . Kinetic . | . . Secondary . | . . Self-Inflicted Damage . | . . Shots . | . . Rammed . | . . Targets Rammed . | . . Kicked . | . . Crushed . | . . Highest Temperature 77 | . 77 Average Temperature 33 | . 33 Received Heat Transfer 102 | . 102 Siege Activations . | . . Robots Corrupted . | . . Combat Hostiles . | . . Parts Fried . | . . Impact Corruptions . | . . Robots Melted . | . . Combat Hostiles . | . . Parts Melted . | . . Heat Transferred 150 | . 150 Parts Sabotaged . | . . Parts Stolen . | . . Parts Stripped . | . . Power Chain Reactions . | . . Alert | -11 -10 ------- Run | Yrd Mat Peak Influence 84 | 65 84 Initial 3 | . 3 Average 25 | 23 31 Maximum Alert Level . | . . Low Security (%) 100 | 100 100 Level 1 . | . . Level 2 . | . . Level 3 . | . . Level 4 . | . . Level 5 . | . . High Security . | . . Max Security . | . . Squads Dispatched . | . . Investigation . | . . Extermination . | . . Reinforcement . | . . Assault . | . . Garrison . | . . Intercept . | . . Searches Triggered . | . . Construction Impeded . | . . Haulers Reinforced . | . . Active Scanning Responses . | . . Cargo Convoy Interrupts . | . . Stealth | -11 -10 --------- Run | Yrd Mat Distress Signals . | . . Communications Jammed . | . . Distress Signals . | . . Times Spotted 11 | . 11 Peak Tracking Total 7 | . 7 Tactical Retreats 3 | . 3 Traps | -11 -10 ------- Run | Yrd Mat Traps Triggered . | . . Indirectly . | . . Trap Hack Attempts . | . . Triggered . | . . Disarmed . | . . Reprogrammed . | . . Reused . | . . Traps Extracted . | . . Installed . | . . Triggered . | . . Machines | -11 -10 ---------- Run | Yrd Mat Machines Disabled . | . . Max in Single Turn . | . . Machines Repaired . | . . Machines Dismantled . | . . Machines Sabotaged . | . . Overloaded Fab Kills . | . . Hacking | -11 -10 --------- Run | Yrd Mat Machines Accessed . | . . Terminals . | . . Fabricators . | . . Repair Stations . | . . Recycling Units . | . . Scanalyzers . | . . Garrison Access . | . . Total Hacks . | . . Successful . | . . Failed . | . . Catastrophic . | . . Database Lockouts . | . . Manual . | . . Terminals . | . . Fabricators . | . . Repair Stations . | . . Recycling Units . | . . Scanalyzers . | . . Garrison Access . | . . Terminal Hacks . | . . Fabricator Hacks . | . . Repair Station Hacks . | . . Recycling Unit Hacks . | . . Scanalyzer . | . . Garrison Access Hacks . | . . Unauthorized Hacks . | . . Terminals . | . . Fabricators . | . . Repair Stations . | . . Recycling Units . | . . Scanalyzers . | . . Garrison Access . | . . Data Cores Recovered . | . . Used . | . . Hacking Detections . | . . Full Trace Events . | . . Feedback Events . | . . Feedback Blocked . | . . Robot Schematics Acquired . | . . Robots Built . | . . Authchips . | . . Time . | . . Total Robot Build Rating . | . . Part Schematics Acquired . | . . Parts Built . | . . Authchips . | . . Time . | . . Total Part Build Rating . | . . Parts Repaired . | . . Time . | . . Parts Recycled . | . . Recycled Matter . | . . Retrieved Matter . | . . Retrieved Components . | . . Parts Scanalyzed . | . . Part Schematics Acquired . | . . Parts Damaged . | . . Bothacking | -11 -10 ------------ Run | Yrd Mat Used RIF Installer . | . . Robots Hacked . | . . Non-combat . | . . Combat . | . . Robot Hacks Applied . | . . Relay Couplers Released . | . . Fabnet Peak Effective % . | . . Robots Rewired . | . . Allies Hacked . | . . Hacks Repelled . | . . Allies | -11 -10 -------- Run | Yrd Mat Total Allies . | . . Largest Group . | . . Highest-Rated Group . | . . Highest-Rated Ally . | . . Total Orders . | . . Ally Attacks . | . . Total Damage . | . . Kills . | . . Allies Corrupted . | . . Allies Melted . | . . Intel | -11 -10 ------- Run | Yrd Mat Robot Analysis Total . | . . Derelict Logs Recovered . | . . Drone Launches . | . . Drone Recoveries . | . . Exploration | -11 -10 ------------- Run | Yrd Mat Turns Passed 965 | 709 256 Spaces Moved 505 | 386 119 Core 18 | 18 . Treads 480 | 368 112 Legs . | . . Wheels . | . . Hover . | . . Flight 7 | . 7 Fastest Speed 50 | 50 117 Average Speed 155 | 154 158 Slowest Speed 200 | 160 200 Overloaded Moves . | . . Propulsion Burnouts . | . . Robots Hopped . | . . Cave-ins Triggered . | . . Exploration Rate (%) 10 | 6 15 Regions Visited 1 Branch Regions . Pre-discovered Areas . | . . Known Exits Taken . | . . Unknown Exits Taken 1 | 1 . Scrap Searched . | . . Spaces Dug . | . . Terrain Destroyed 1 | . 1 Melee . | . . Projectile 1 | . 1 AOE . | . . Terrain Rammed . | . . Walls Destroyed . | . . Machines Disabled . | . . Actions | -11 -10 --------- Run | Yrd Mat Total 583 | 433 150 Wait . | . . Move 504 | 385 119 Hop . | . . Pick Up 16 | 9 7 Fast Attach . | . . Attach 11 | 7 4 Detach . | . . Swap 4 | . 4 Drop 1 | . 1 Fire 47 | 32 15 Melee . | . . Ram . | . . Kick . | . . Crush . | . . Escape Stasis . | . . Rewire . | . . Trap . | . . Miscellaneous . | . . Route ------- -11/Scrapyard -10/Materials History --------- Turn | Location | Event 6 | -11/Scrapyard | Discovered new exit (range 14) 710 | -11/Scrapyard | Entered Materials 711 | -10/Materials | Build established: Mutant 893 | -10/Materials | Core integrity fell below 50% 908 | -10/Materials | Core integrity fell below 20% 925 | -10/Materials | Lost 7 parts (1p2n1u3w) 966 | -10/Materials | Destroyed by S-10 Pest with Light Assault Rifle Last Messages --------------- 00868_ Destroyed Flight Unit. 00871_ K-01 Serf collects debris. 00871_ S-10 Pest destroyed. 00871_ Switching to secondary target: G-34 Mercenary. 00872_ Assault Rifle destroyed. 00874_ G-34 Mercenary destroyed. 00875_ Flight Unit destroyed. 00875_ K-01 Serf collects debris. 00876_ Assault Rifle destroyed. 00880_ Imp. Terrain Scanner destroyed. 00884_ R-06 Scavenger collects Aluminum Leg. 00885_ S-10 Pest destroyed. 00889_ Ion Engine destroyed. 00891_ Flight Unit destroyed. 00894_ R-06 Scavenger collects Heat Sink. 00894_ Mining Laser destroyed. 00895_ K-01 Serf collects debris. 00914_ S-10 Pest suffers critical hit (Destroy). 00933_ Ion Engine destroyed. Map ----- +----------------------------------------------------+ | ??????????????????????????????"" #??????#? | | ??????????????????????????????"" #???#???? | | ?????????????????????????????? #?##????? | | ????????????????????????? ???? # ??? ?? | | ??????????????????????????????"" # ??????? | | ??????????????????????????????""% +???????? | | ??????????????????????????????"" # ??????? | | ??????????????????????????????? %#???? ??? | | ??????????????????????????????? % #???????? | | ????????????????????????????####"+#####????? | | ????????????????????????????# *= #?#??# | | ????????????????????????????# #????? | | ????????????????????????????# #?#??? | | ????????????????????????????# #???#? | | ???????????????????? ?#???#?# === #????? | | ?????????????????????????#??# == #????# | | ???????????????????????????## #????? | | ???????????????????????????##[ #????? | | ????????????????????? ??????#######/###?#??? | | ???????????????????? ?????????????# #??????? | | ??????????????????????????????????# #?????## | | ???????????######+##########?????## #??????? | | ??????????? #? ?? ## #?#????? | | ???????????? #?? """## #??????? | | ????????????????? # R"## #??????? | | ????????????????#?????# @/ """## #??????? | | ?????????????????? ???# # ## #???#??? | | ???????????????????? ?# #?? ## #?#?#??# | | ??????????????????????# #????#### #?#????? | | ???????????????????? ?# #########"####???? | | ???????????????????? ?# # ##??? | | ????????????????####??# s# #???# | | ????????????????# ?# + #???? | | ????????????????# ?# # #???? | | ????????????????# ?# # #???? | | ??????????????### """ # ##############???? | | ????????????? / """ # #????#? | | ?????????????#??# """ + #?????? | | ????????????????# # ##?#??? | | ????????????????# ## #########????# | | ????????????????# ""??# #??#????????#? | | ????????????????# Y"??#! #?#???????#??? | | ????????????????# "??###!! !##???????????#? | | ????????????????# ????######?????????????# | | ????????????????###???#???????????????#????? | | ?????????????????????????#???????#?????#???? | | ???????????????????????????????????????????? | | ???????????????????#???????????????????????? | | | | | +----------------------------------------------------+ Best States ------------- Heat Dissipation 25 Energy Generation 10 Energy Capacity 250 Matter Stores 300 Matter Capacity 300 Sight Range 16 Terrain Scan Range 16 Terrain Scan Density 10 Evasion (%) 50 Recoil Reduction 2 Item Schematics ----------------- None Robot Schematics ------------------ None Fabricated ------------ Nothing Alien Tech Used ----------------- None Achievements -------------- None Challenges ------------ None Game ------ Seed GreatWeaponsWings Manual? 0 Play Time 00:06:47 Cumulative 26.6 hours Start 2024.11.10 @ 16:46:36 End 2024.11.10 @ 16:51:08 Sessions 1 Manual Loads 0 Difficulty Rogue Special Mode None Game No. 59 Rogue 59 Adventurer 0 Explorer 0 Win Type - Total 0 Types 0/0/0/0/0/0/0/0/0 Lore% 12 Gallery% 21 Achievement% 21 Wizard Run 0 Options --------- Layout 1 ASCII 0 Keyboard 0 Movement Arrows Keybinds 0 Fullscreen 1 Font 24/Smallcaps Map View 50x40 Zoom Use 0% Tactical HUD 1 Map Filters NONE Filters NONE Steam 1 RUN: 7fcc951d-43fc-4aec-8770-4196c06faa91